 Dungeon Crawl Stone Soup version 0.17-a0-1996-gd2c0ec8 (webtiles) character file.

116 4thArraOfDagon the Skirmisher (level 5, 3/55 HPs)
             Began as an Ogre Hunter on Oct 7, 2015.
             Quit the game on level 6 of the Dungeon.
             The game lasted 00:04:47 (799 turns).

4thArraOfDagon the Skirmisher (Ogre Hunter)          Turns: 799, Time: 00:04:47

Health: 3/55       AC:  4    Str: 17      XL:     5   Next: 0%
Magic:  5/5        EV:  9    Int: 11      God:
Gold:   93         SH:  0    Dex:  5 (10) Spells: 0 memorised, 4 levels left

rFire  . . .     SeeInvis .     m - +1 whip
rCold  . . .     Clarity  .     d - +1 robe
rNeg   . . .     SustAt   .     (no shield)
rPois  .         Gourm    .     (helmet restricted)
rElec  .         Spirit   .     (no cloak)
rCorr  .         Warding  .     (gloves unavailable)
rMut   .         Stasis   .     (boots unavailable)
MR     .....                    (no amulet)
Stlth  +.........               (no ring)
                                (no ring)

@: not resistant to hostile enchantments, very unstealthy
A: unfitting armour, tough skin 1
a: no special abilities


You were on level 6 of the Dungeon.
You were not hungry.

You visited 1 branch of the dungeon, and saw 6 of its levels.

You collected 93 gold pieces.

Inventory:

Hand Weapons
 c - a +0 short sword
 i - a +0 club
 m - a +1 whip (weapon)
 s - a +0 blowgun
Missiles
 t - 6 poisoned needles
Armour
 d - a +1 robe (worn)
Scrolls
 g - 3 scrolls of identify
 n - a scroll of fog
 p - a scroll of recharging {unknown}
 v - a scroll of noise {unknown}
Potions
 r - 2 potions of poison
Comestibles
 e - 2 bread rations
 f - 2 meat rations
 u - a slice of pizza


   Skills:
 + Level 4.9 Fighting
 * Level 4.1 Maces & Flails
 - Level 4.0 Throwing
 - Level 1.7 Dodging
 - Level 0.7 Stealth


You had 4 spell levels left.
You didn't know any spells.

Dungeon Overview and Level Annotations

Branches:
Dungeon (6/15)
 Temple: D:4-7

Altars:
Dithmenos
Qazlal

Annotations:
D:3 SlimeFever's ghost, amateur OpTm


Innate Abilities, Weirdness & Mutations

You are too large for most types of armour.
You have tough skin (AC +1).


Message History

The giant frog is heavily wounded.
The giant frog hits you.
* * * LOW HITPOINT WARNING * * *
The giant frog barely misses you.
You closely miss the giant frog.
The giant frog is heavily wounded.
The giant frog hits you!
* * * LOW HITPOINT WARNING * * *
Unknown command.
You hit the giant frog.
The giant frog is heavily wounded.
The giant frog closely misses you.
Unknown command.
You hit the giant frog.
The giant frog is severely wounded.
The giant frog hits you.
* * * LOW HITPOINT WARNING * * *
The giant frog hits you but does no damage.
Unknown command.
Are you sure you want to abandon this character and quit the game? (Confirm with "yes".)

#....+ #.#..#....#
#.#..#....# .
##.#..#....#
#.#.....#....#
........#....##
##......#....<# ...
........#.....#....
##.....#@.......#
#....5.F....###.#
#......##'### #
#............#
...#...(##.##.# ##
#.....#.# #
#.(...#.# #.#.(....
#.#.. ...


You could see a giant frog and a shadow imp.

Vanquished Creatures
  A hound (D:4)
  An iguana (D:4)
  3 adders
  2 worms
  2 giant geckos (D:2)
  2 bats (D:3)
  2 giant cockroaches
  3 hobgoblins
  3 kobolds
  A quokka (D:2)
  4 giant newts
  5 goblins
  2 rats
31 creatures vanquished.

Notes
Turn   | Place    | Note
--------------------------------------------------------------
     0 | D:1      | 4thArraOfDagon the Ogre Hunter began the quest for the Orb.
     0 | D:1      | Reached XP level 1. HP: 22/22 MP: 1/1
    63 | D:1      | Reached XP level 2. HP: 26/32 MP: 2/2
   177 | D:2      | Reached skill level 1 in Maces & Flails
   325 | D:2      | Found a shadowy altar of Dithmenos.
   363 | D:1      | Reached XP level 3. HP: 35/39 MP: 3/3
   549 | D:3      | Found a stormy altar of Qazlal.
   601 | D:3      | Noticed SlimeFever's ghost (amateur OpTm)
   624 | D:4      | Noticed a phantom
   647 | D:4      | Reached XP level 4. HP: 49/49 MP: 4/4
   698 | D:4      | Noticed a scorpion
   715 | D:5      | Entered Level 5 of the Dungeon
   716 | D:5      | Reached XP level 5. HP: 50/55 MP: 5/5
   799 | D:6      | Quit the game

Vault maps used:
D:1:      matt_arrival_spirals, st_stairs_8
D:2:      nicolae_overflow_crystal_walls, kennysheep_generic_room_7
D:3:      lemuel_doored_altar, ecumenical_altar_2, first_bread
D:4:      led_sif_book, minmay_temple_entry_nine_rooms
D:5:      serial_shops, nicolae_shop_statue_plus, shop,
          nicolae_shop_statue_plus, nicolae_shop_crystal, nicolae_shop_trees,
          nicolae_gozag_zags_fifth_avenue, uniq_edmund
D:6:      basic_altar

Action                   |  1- 3 |  4- 6 || total
-------------------------+-------+-------++-------
Melee: Short sword       |    21 |       ||    21
       Whip              |    29 |    12 ||    41
Throw: Large rock        |    25 |     6 ||    31
       Throwing net      |     2 |     5 ||     7
  Use: Scroll            |       |     6 ||     6
       Potion            |       |     3 ||     3
